 Dungeon Crawl Stone Soup version 0.24-a0-640-ge7cd8ce796 (webtiles) character file.

Game seed: 6280106621491306222, levelgen mode: deterministic

411156 Grimm the Warrior (level 23, -22/151 HPs)
             Began as a Gargoyle Earth Elementalist on Sept 19, 2019.
             Was the Champion of Vehumet.
             Killed from afar by a frost giant (69 damage)
             ... with a bolt of cold
             ... on level 3 of the Depths on Sept 24, 2019.
             The game lasted 06:45:12 (77264 turns).

Grimm the Warrior (Gargoyle Earth Elementalist)    Turns: 77264, Time: 06:45:13

Health: -22/151    AC: 35    Str: 19    XL:     23   Next: 51%
Magic:  8/59       EV: 18    Int: 26    God:    Vehumet [******]
Gold:   2516       SH: 14    Dex: 17    Spells: 13/56 levels left

rFire    + + .     SeeInvis +   I - staff of power
rCold    x . .     Gourm    .   O - +0 shield of the Devil {Int+5} (curse)
rNeg     + . .     Faith    .   h - +3 ring mail {MR+}
rPois    ∞         Spirit   .   Y - +4 hat "Catteo" {Str+5 Dex+4}
rElec    +         Reflect  .   (no cloak)
rCorr    .         Harm     .   F - +2 pair of gloves
MR       ++...                  U - +2 pair of boots {Fly}
Stlth    ++........             f - amulet of magic regeneration
HPRegen  0.35/turn              i - ring of wizardry
MPRegen  0.61/turn              A - ring "Obunt" {+Inv +Fly rF++ rC- SInv}

@: flying
A: big wings, negative energy resistance 1, electricity resistance, unbreathing,
petrification resistance, rot immunity, AC +17
}: 2/15 runes: decaying, serpentine
a: Stop Flying, Renounce Religion, Evoke Invisibility


You were on level 3 of the Depths.
You worshipped Vehumet.
Vehumet was exalted by your worship.
You were hungry.

You visited 8 branches of the dungeon, and saw 39 of its levels.
You also visited: Sewer and Ice Cave.

You collected 4483 gold pieces.
You spent 1967 gold pieces at shops.

Inventory:

Missiles
 b - 780 stones
 j - 63 poisoned darts (quivered)
Armour
 h - a +3 ring mail of magic resistance (worn)
 r - a +1 robe of fire resistance
 F - a +2 pair of gloves (worn)
 O - the cursed +0 shield of the Devil (worn) {Int+5}
   (You found it on level 1 of the Swamp)

   It affects your intelligence (+5).
   It has a curse placed upon it.
 U - a +2 pair of boots of flying (worn)
 Y - the +4 hat "Catteo" (worn) {Str+5 Dex+4}
   (You found it on level 13 of the Dungeon)

   It affects your strength (+5).
   It affects your dexterity (+4).
Magical Staves
 w - an uncursed staff of earth
 I - an uncursed staff of power (weapon)
 R - an uncursed staff of wizardry
Jewellery
 f - an amulet of magic regeneration (around neck)
 i - a ring of wizardry (left hand)
 z - an uncursed ring of magical power
 A - the ring "Obunt" (right hand) {+Inv +Fly rF++ rC- SInv}
   (You found it on level 4 of the Vaults)

   [ring of flight]

   It greatly protects you from fire.
   It makes you vulnerable to cold.
   It lets you see invisible.
   It lets you turn invisible.
   It lets you fly.
 D - an uncursed ring of resist corrosion
 G - a +2 amulet of reflection
 H - an uncursed ring of protection from magic
 J - the ring of Divine Intervention {+Inv rElec rN+ Dex+2}
   (You acquired it on level 1 of the Depths)

   [ring of positive energy]

   It affects your dexterity (+2).
   It insulates you from electricity.
   It protects you from negative energy.
   It lets you turn invisible.
 N - an uncursed ring of protection from fire
 T - an uncursed ring of protection from cold
Wands
 n - a wand of disintegration (44)
 u - a wand of acid (12)
 B - a wand of enslavement (7)
 C - a wand of clouds (4)
 M - a wand of iceblast (31)
 P - a wand of digging (13)
 V - a wand of paralysis (25)
Scrolls
 a - 17 scrolls of teleportation
 k - 7 scrolls of magic mapping
 o - 2 scrolls of identify
 q - 6 scrolls of enchant weapon
 s - 12 scrolls of remove curse
 E - 5 scrolls of silence
 L - 3 scrolls of fear
 S - 5 scrolls of brand weapon
 W - 3 scrolls of fog
 X - a scroll of holy word
Potions
 c - 7 potions of brilliance
 e - a potion of resistance
 g - 5 potions of agility
 l - a potion of berserk rage
 m - 2 potions of haste
 p - 7 potions of flight
 t - 2 potions of mutation
 v - 4 potions of ambrosia
 x - 4 potions of curing
 K - 6 potions of might
 Z - 12 potions of lignification
Miscellaneous
 y - a phantom mirror
Comestibles
 d - 25 rations
 Q - a chunk of flesh


   Skills:
 + Level 17.7 Fighting
 - Level 11.1 Dodging
 - Level 2.1 Stealth
 - Level 15.0 Shields
 - Level 17.0 Spellcasting
 - Level 15.0 Conjurations
 - Level 3.6 Translocations
 - Level 4.0 Transmutations
 + Level 16.3 Fire Magic
 - Level 17.1 Earth Magic
 - Level 4.0 Poison Magic
 - Level 6.0 Evocations


You had 13 spell levels left.
You knew the following spells:

 Your Spells              Type           Power        Failure   Level  Hunger
a - Sting                 Conj/Pois      ####         1%          1    None
b - Stone Arrow           Conj/Erth      ######       0%          3    None
c - Petrify               Tmut/Erth      ######..     1%          4    None
d - Bolt of Fire          Conj/Fire      #######...   1%          6    ###....
e - Passwall              Tmut/Erth      ######..     1%          2    None
f - Force Lance           Conj/Tloc      ######..     1%          4    None
g - Sandblast             Erth           ######       0%          1    None
h - Ignition              Fire           #######...   4%          8    ######.
i - Iron Shot             Conj/Erth      #######...   1%          6    ###....
j - Lehudib's Crystal Sp  Conj/Erth      #######...   4%          8    ######.

Your spell library contained the following spells:

 Spells                   Type           Power        Failure   Level  Hunger
 Fire Storm               Conj/Fire      #######...   47%         9    #######
 Glaciate                 Conj/Ice       ######....   100%        9    #######
 Flame Tongue             Conj/Fire      #####        0%          1    None
 Magic Dart               Conj           ####         0%          1    None
 Searing Ray              Conj           ######       0%          2    None
 Throw Flame              Conj/Fire      ######       0%          2    None
 Conjure Flame            Conj/Fire      #######.     0%          3    None
 Animate Skeleton         Necr           N/A          1%          1    None
 Apportation              Tloc           #####.       1%          1    None
 Beastly Appendage        Tmut           #####.       1%          1    None
 Confusing Touch          Hex            ###...       1%          1    None
 Corona                   Hex            ###....      1%          1    None
 Freeze                   Ice            ###.         1%          1    None
 Summon Butterflies       Summ           ###.....     1%          1    None
 Summon Small Mammal      Summ           ###.         1%          1    None
 Sticks to Snakes         Tmut           #####...     1%          2    None
 Throw Frost              Conj/Ice       ######       1%          2    None
 Dazzling Spray           Conj/Hex       ######       1%          3    None
 Ignite Poison            Fire/Tmut/Pois ######..     1%          3    None
 Inner Flame              Hex/Fire       ######..     1%          3    None
 Spider Form              Tmut/Pois      #####.....   1%          3    None
 Fulminant Prism          Conj/Hex       ######....   1%          4    None
 Iskenderun's Mystic Bla  Conj           #######.     1%          4    None
 Sticky Flame             Conj/Fire      #######.     1%          4    None
 Throw Icicle             Conj/Ice       ######..     1%          4    None
 Fireball                 Conj/Fire      #######...   1%          5    None
 Lee's Rapid Deconstruct  Erth           #######...   1%          5    None
 Ensorcelled Hibernation  Hex/Ice        ###...       2%          2    None
 Swiftness                Chrm/Air       ###.....     2%          2    None
 Passage of Golubria      Tloc           N/A          3%          4    None
 Bolt of Cold             Conj/Ice       ######....   3%          6    ###....
 Call Canine Familiar     Summ           ###.....     4%          3    None
 Confuse                  Hex            ###.....     4%          3    None
 Ozocubu's Armour         Chrm/Ice       ###.....     4%          3    None
 Tukima's Dance           Hex            ###.....     4%          3    None
 Yara's Violent Unravell  Hex/Tmut       ####......   5%          5    None
 Ice Form                 Ice/Tmut       ####....     7%          4    None
 Blade Hands              Tmut           #####.....   9%          5    None
 Freezing Cloud           Conj/Ice/Air   #####.....   9%          6    ###....
 Animate Dead             Necr           N/A          16%         4    None
 Cause Fear               Hex            ###.......   16%         4    None
 Summon Ice Beast         Ice/Summ       ###.....     16%         4    None
 Metabolic Englaciation   Hex/Ice        ###.......   38%         5    None
 Silence                  Hex/Air        ###.......   38%         5    None
 Summon Mana Viper        Hex/Summ       ###.....     38%         5    None
 Ring of Flames           Chrm/Fire      ######....   41%         7    #####..
 Ozocubu's Refrigeration  Ice            ###.......   47%         6    ###....
 Darkness                 Hex            ###.......   90%         6    ###....
 Deflect Missiles         Chrm/Air       ###.......   90%         6    ###....
 Invisibility             Hex            ###.....     90%         6    ###....
 Simulacrum               Ice/Necr       ###.......   90%         6    ###....
 Summon Hydra             Summ           ###.......   100%        7    #####..
 Discord                  Hex            ###.......   100%        8    ######.


Dungeon Overview and Level Annotations

Branches:
Dungeon (15/15)            Temple (1/1) D:4            Lair (6/6) D:11
  Swamp (4/4) Lair:3        Snake (4/4) Lair:4        Slime (0/5) Lair:6
    Orc (2/2) D:10            Elf (0/3) Orc:2        Vaults (4/5) D:13
  Crypt (0/3) Vaults:2     Depths (3/5) D:15          Sewer (visited)
  IceCv (visited)

Altars:
Ashenzari
Cheibriados
Dithmenos
Elyvilon
Fedhas
Gozag
Hepliaklqana
Kikubaaqudgha
Makhleb
Nemelex Xobeh
Okawaru
Qazlal
Ru
Sif Muna
Trog
Uskayaw
Vehumet
Wu Jian
Xom
Yredelemnul
Zin
The Shining One
Beogh
Jiyva

Shops:
D:8 (![   D:12 !   D:13 *   Orc:1 %   Orc:2 :(*[!(   Snake:1 **   Vaults:4 (

Portals:
Hell: Depths:1 Depths:2
Abyss: Depths:1 Depths:2 Depths:3
Pandemonium: Depths:3
Ziggurat: Depths:2

Annotations:
D:3 Edmund
D:8 3 runed translucent doors, loom's ghost, novice TrBe
D:9 exclusion: 2 downstairs
D:11 exclusion: upstairs
Lair:3 exclusions: downstairs and 1 more exclusion
Lair:4 exclusion: downstairs
Lair:6 exclusions: 3 doors and oklob plant
Swamp:2 exclusion: downstairs
Swamp:3 exclusions: downstairs and wizard
Vaults:1 exclusion: downstairs
Vaults:2 exclusions: door, upstairs and 1 more exclusion, Mennas
Vaults:3 exclusions: upstairs and 1 more exclusion


Innate Abilities, Weirdness & Mutations

You are resistant to torment.
Your stone body is resilient. (AC +17)
You are immune to poison.
Your large and strong wings let you fly indefinitely.
You resist negative energy. (rN+)
You are resistant to electric shocks. (rElec)
You can survive without breathing.
You are immune to petrification.
You are immune to rotting.


Message History

You barely miss the tengu reaver.
The tengu reaver is severely wounded.
The tengu reaver points at you and mumbles some strange words.
The bolt of lightning hits you! You resist.
The battlesphere fires!
The barrage of energy hits you!!
* * * LOW HITPOINT WARNING * * *
Okay, then.
As you read the scroll of teleportation, it crumbles to dust.
You feel strangely unstable. The tengu reaver casts a spell at you.
The bolt of lightning misses you.
The battlesphere fires!
The barrage of energy hits you but does no damage.
Your surroundings suddenly seem different.
A frost giant comes into view.
It is wielding a +2 lajatang of protection.
The frost giant shouts!
A red ugly thing comes into view.
The red ugly thing moves out of view.
The frost giant gestures at you while chanting.
The bolt of cold hits you!!!
You feel a terrible chill!
You die...

#..'..# #..... ##### #..##.#
#..... #...#### #'###.# ######
#..[#..###.# #.# # +...†[.[...#
#.# # ############.###.# #.# #.#
#.....# #.###'######'##### #####
#.##.........@...# ###....
#.##.......≈○≈...# #.'..≈≈
####..'.......≈.≈...#######.#..≈≈
<....##.......C.≈...##......#..≈≈
####.##.......≈.≈...'.......#..≈≈
####+##.............##.######....
..................####.# ###..
...≈≈≈≈≈..........'..#.# #..
...≈≈≈≈≈.......)..##.#.# #..


You could see a frost giant.

Vanquished Creatures
  Saint Roka (Vaults:2)
  A caustic shrike (Depths:2)
  A golden dragon (Depths:2)
  Nikola (Swamp:4)
  A tentacled monstrosity (Vaults:1)
  2 liches (Depths:2)
  2 storm dragons (Depths:2)
  2 thorn hunters
  5 tengu reavers
  Donald (Swamp:3)
  11 nagarajas
  8 frost giants
  7 fire giants
  An iron dragon (Depths:2)
  Aizul (Snake:3)
  4 orc warlords
  7 vault wardens
  A caustic shrike zombie (Depths:1)
  A spriggan defender (Depths:2)
  21 ironheart preservers
  13 very ugly things
  A war gargoyle (Vaults:1)
  17 stone giants
  2 entropy weavers
  2 vampire knights
  A spark wasp (shapeshifter) (Vaults:4)
  A dire elephant (Lair:3)
  3 deep elf annihilators
  3 spark wasps (Depths:2)
  12 ettins
  A deep elf death mage (Vaults:4)
  14 fire dragons
  A blizzard demon (Depths:3)
  A merfolk impaler (Depths:2)
  A deep elf high priest (Depths:2)
  10 yaktaur captains
  7 rakshasas
  11 ice dragons
  3 great orbs of eyes
  26 hydras
  2 ghost crabs
  5 vault guards
  3 spriggan air magi
  2 death knights
  11 naga warriors
  12 centaur warriors
  47 two-headed ogres
  4 alligators
  14 anacondas
  A shambling mangrove (Swamp:3)
  Erica (D:8)
  9 death yaks
  16 ogre magi
  6 deep troll shamans
  2 vampire magi (Depths:3)
  11 shock serpents
  8 deep troll earth magi
  5 orc high priests
  5 spriggan berserkers
  5 tengu warriors
  10 naga sharpshooters
  Nergalle (D:11)
  A soul eater (Depths:3)
  Urug (D:13)
  Sonja (D:10)
  3 deep elf knights
  An iron troll (D:15)
  A hell knight (Depths:2)
  3 spriggan druids
  5 salamander mystics
  3 shadow wraiths
  26 deep trolls
  8 swamp dragons
  2 naga ritualists
  2 glowing orange brains
  3 unseen horrors
  4 deep elf archers
  5 wizards
  16 orc knights
  4 necromancers
  14 mana vipers
  10 ironbrand convokers
  4 lindwurms (Snake:4)
  9 harpies
  27 ugly things
  6 wolf spiders
  6 cyclopes
  8 deep elf magi
  8 orc sorcerers
  2 stone giant zombies
  3 manticores
  A faun (shapeshifter) (Depths:2)
  A harpy (shapeshifter) (Vaults:2)
  3 salamanders
  14 elephants
  A sphinx skeleton (Vaults:2)
  A moth of wrath (shapeshifter) (D:15)
  3 centaur zombies
  35 black mambas
  An ice statue (IceCv)
  6 guardian serpents
  A smoke demon (Depths:3)
  A storm dragon simulacrum (Vaults:4)
  10 vault sentinels
  A black mamba (shapeshifter) (Vaults:3)
  14 spiny frogs
  17 naga magi
  2 gargoyles
  A titan simulacrum (Depths:1)
  A spiny frog (shapeshifter) (Vaults:3)
  10 rime drakes
  An efreet (D:15)
  10 komodo dragons
  45 yaktaurs
  6 freezing wraiths
  A yaktaur zombie (Vaults:3)
  2 yaktaur skeletons (Vaults:3)
  3 meliai (Lair:5)
  7 tengu conjurers
  8 trolls
  2 red devils (Depths:3)
  2 trolls (shapeshifter)
  A meliai (shapeshifter) (D:15)
  19 hornets
  A jumping spider (shapeshifter) (Depths:3)
  15 polar bears
  2 queen bees
  A shadow dragon simulacrum (Vaults:3)
  A hornet (shapeshifter) (Vaults:3)
  13 tyrant leeches
  7 hippogriffs
  6 bog bodies
  A fire giant simulacrum (Vaults:2)
  9 blink frogs
  2 ettin zombies
  15 slime creatures
  A dream sheep (Lair:6)
  A centaur simulacrum (D:15)
  2 shadows
  4 vampires
  A redback (shapeshifter) (Vaults:4)
  A spriggan (shapeshifter) (Vaults:3)
  A wyvern (shapeshifter) (Vaults:2)
  2 redbacks (Vaults:3)
  24 spriggans
  3 wyverns
  A wraith (D:14)
  14 water elementals
  59 yaks
  A human (shapeshifter) (Vaults:3)
  A basilisk (shapeshifter) (Depths:3)
  4 basilisks
  A spriggan simulacrum (Depths:1)
  A hungry ghost (D:13)
  20 vampire mosquitoes
  4 wargs
  19 swamp worms
  6 insubstantial wisps
  20 nagas
  A naga (shapeshifter) (Depths:2)
  A floating eye (Depths:2)
  Duvessa (D:7)
  8 water moccasins
  6 porcupines
  A soldier ant (D:12)
  A floating eye (shapeshifter) (Vaults:4)
  An ice beast (D:11)
  11 swamp drakes
  52 orc warriors
  2 hornet zombies
  3 sky beasts
  An eye of draining (D:8)
  A necrophage (D:5)
  An orc zombie (Vaults:2)
  2 black bears
  2 black bears (shapeshifter)
  41 ogres
  23 wolves
  8 boggarts
  2 phantoms
  20 centaurs
  A big kobold (Sewer)
  13 crocodiles
  16 bullfrogs
  3 human zombies
  A glowing shapeshifter simulacrum (Vaults:2)
  6 scorpions
  A wyvern skeleton (D:13)
  Dowan (D:7)
  54 killer bees
  10 wights
  5 jellies
  3 electric eels (Snake:1)
  A howler monkey (D:14)
  7 crimson imps
  3 hounds
  7 centaur skeletons
  4 bullfrog skeletons
  28 orc priests
  A bullfrog zombie (D:10)
  An iron imp (Depths:1)
  26 orc wizards
  5 iguanas
  15 worker ants
  2 hound skeletons
  A howler monkey zombie (D:6)
  A worker ant zombie (D:5)
  8 gnolls
  A howler monkey skeleton (D:7)
  10 adders
  6 shadow imps
  2 oozes
  4 worms
  2 dart slugs (D:2)
  3 leopard geckos
  101 orcs
  4 ball pythons (Sewer)
  6 bats
  3 giant cockroaches
  6 goblins
  6 hobgoblins
  4 jackals (D:8)
  6 quokkas
  3 frilled lizards
  19 kobolds
  12 rats
  A fungus (Lair:6)
  4 plants
1686 creatures vanquished.

Vanquished Creatures (others)
  A rime drake (Swamp:4)
  A bog body (Swamp:4)
  A centaur simulacrum (D:15)
  A quokka (D:8)
  88 fungi
  5 pillars of salt (Vaults:1)
  29 plants
126 creatures vanquished.

Grand Total: 1812 creatures vanquished

Notes
Turn   | Place    | Note
-------+----------+-------------------------------------------
     0 | D:1      | Grimm the Gargoyle Earth Elementalist began the quest for
                  | the Orb.
     0 | D:1      | Reached XP level 1. HP: 10/10 MP: 3/3
   421 | D:1      | Reached XP level 2. HP: 15/15 MP: 3/5
   970 | D:2      | Reached XP level 3. HP: 19/19 MP: 4/6
   994 | D:2      | Reached skill level 5 in Earth Magic
  1004 | D:2      | Learned a level 3 spell: Stone Arrow
  1301 | D:2      | Reached skill level 1 in Conjurations
  1590 | D:3      | Reached XP level 4. HP: 24/24 MP: 5/7
  2528 | D:4      | Reached XP level 5. HP: 28/28 MP: 6/8
  2922 | D:4      | Found a sacrificial altar of Ru.
  3247 | D:4      | Reached XP level 6. HP: 27/32 MP: 0/9
  3350 | D:4      | Found a staircase to the Ecumenical Temple.
  3429 | Temple   | Entered the Ecumenical Temple
  3511 | Temple   | Became a worshipper of Vehumet
  3764 | D:4      | Noticed Edmund
  4258 | D:5      | Entered Level 5 of the Dungeon
  4262 | D:5      | Learned a level 2 spell: Passwall
  4310 | D:5      | Reached skill level 1 in Fighting
  4586 | D:5      | Reached XP level 7. HP: 39/40 MP: 1/10
  4833 | D:5      | Found a shattered altar of Ashenzari.
  5141 | D:5      | Found an ornate altar of the Wu Jian Council.
  5142 | D:5      | Found a snail-covered altar of Cheibriados.
  5314 | D:6      | Reached skill level 1 in Evocations
  5560 | D:6      | Reached * piety under Vehumet
  5560 | D:6      | Offered knowledge of Sting by Vehumet.
  5560 | D:6      | Reached XP level 8. HP: 38/48 MP: 4/12
  5563 | D:6      | Learned a level 1 spell: Sting
  5747 | D:6      | Found a glowing drain.
  5756 | Sewer    | Entered a sewer
  6367 | D:6      | Reached skill level 1 in Poison Magic
  6971 | D:7      | You fall into a shaft and drop 2 floors!
  7083 | D:9      | Noticed a yak
  7083 | D:9      | Noticed a yak
  7083 | D:9      | Noticed a yak
  7083 | D:9      | Noticed a yak
  7084 | D:9      | Noticed a yak
  7096 | D:8      | Noticed a two-headed ogre
  7096 | D:8      | Noticed a two-headed ogre
  7261 | D:8      | Noticed Erica
  7285 | D:8      | You fall into a shaft and drop 3 floors!
  7429 | D:11     | Noticed a yak
  7430 | D:11     | Noticed a yak
  7452 | D:11     | Noticed a manticore
  7459 | D:11     | Noticed Nergalle
  7461 | D:11     | Noticed a spectral orc knight
  7556 | D:11     | Noticed a shadow
  7607 | D:11     | Reached skill level 1 in Transmutations
  7637 | D:11     | Offered knowledge of Flame Tongue by Vehumet.
  7756 | D:11     | Found a staircase to the Lair.
  7801 | D:11     | Killed a shadow
  7801 | D:11     | Reached XP level 9. HP: 33/52 MP: 7/15
  7935 | D:11     | Reached ** piety under Vehumet
  7935 | D:11     | Reached skill level 5 in Dodging
  8214 | D:10     | Entered Level 10 of the Dungeon
  8282 | D:10     | Found a flagged portal.
  8655 | D:9      | Reached skill level 5 in Fighting
  8933 | D:9      | Offered knowledge of Inner Flame by Vehumet.
  9117 | D:9      | Reached XP level 10. HP: 59/59 MP: 10/16
  9443 | D:10     | Noticed a centaur warrior
  9491 | D:10     | Reached *** piety under Vehumet
 10210 | D:10     | Found a staircase to the Orcish Mines.
 10212 | D:10     | Noticed Sonja
 10656 | D:11     | Killed Nergalle
 10656 | D:11     | Reached skill level 10 in Earth Magic
 10717 | D:11     | Offered knowledge of Mephitic Cloud by Vehumet.
 10804 | D:11     | Noticed a green ugly thing
 10813 | D:11     | Killed a green ugly thing
 10871 | D:11     | Noticed a cyclops
 11209 | D:11     | Got a heavily runed chain mail
 11210 | D:11     | Identified the +5 chain mail of Peek-a-Boo {+Inv Int+4}
                  | (You found it on level 11 of the Dungeon)
 11329 | Lair:1   | Entered Level 1 of the Lair of Beasts
 11357 | Lair:1   | Noticed a spiny frog
 11368 | Lair:1   | Killed a spiny frog
 11593 | Lair:1   | Reached XP level 11. HP: 67/67 MP: 9/18
 11604 | Lair:1   | Reached skill level 5 in Spellcasting
 11721 | Lair:1   | HP: 2/67 [komodo dragon (29)]
 12332 | D:11     | Killed a cyclops
 12629 | D:10     | Noticed a two-headed ogre
 13053 | D:8      | Learned a level 4 spell: Petrify
 13265 | D:7      | Found an opulent altar of Gozag.
 13431 | D:7      | Reached **** piety under Vehumet
 13658 | D:7      | Noticed Dowan
 13664 | D:7      | Killed Dowan
 13691 | D:7      | Noticed Duvessa
 13711 | D:7      | Killed Duvessa
 13711 | D:7      | Offered knowledge of Force Lance by Vehumet.
 13717 | D:7      | Learned a level 4 spell: Force Lance
 14349 | D:8      | Found Xevvuyvu's Weapon Boutique.
 14390 | D:8      | Found a white marble altar of Elyvilon.
 14436 | D:8      | Found a runed translucent gate.
 14436 | D:8      | Found a runed translucent gate.
 14439 | D:8      | Found a runed translucent gate.
 14442 | D:8      | Noticed loom's ghost (novice TrBe)
 14473 | D:8      | Found Julon's Antique Armour Shop.
 14487 | D:8      | Bought a pair of embroidered gloves for 195 gold pieces
 14610 | D:8      | Reached skill level 1 in Translocations
 14732 | D:8      | Killed a two-headed ogre
 14765 | D:8      | Found Peasu's Distillery.
 14776 | D:8      | Bought 2 potions of haste for 220 gold pieces
 14776 | D:8      | Bought a potion of heal wounds for 55 gold pieces
 14788 | D:8      | Killed a two-headed ogre
 14945 | D:8      | Killed Erica
 15940 | Lair:1   | Noticed a six-headed hydra
 15973 | Lair:1   | Killed a six-headed hydra
 16496 | Lair:2   | Learned a level 6 spell: Bolt of Fire
 16557 | Lair:2   | Noticed a four-headed hydra
 16571 | Lair:2   | Killed a one-headed hydra
 16571 | Lair:2   | Reached XP level 12. HP: 54/77 MP: 20/20
 16787 | Lair:1   | Reached skill level 10 in Fighting
 17198 | Lair:2   | Noticed a six-headed hydra
 17241 | Lair:2   | Killed a six-headed hydra
 17354 | Lair:2   | Reached skill level 5 in Fire Magic
 18255 | Lair:3   | Noticed an eight-headed hydra
 18652 | Lair:3   | Reached skill level 5 in Conjurations
 19019 | Lair:3   | Killed an eight-headed hydra
 19249 | Lair:3   | Reached XP level 13. HP: 82/82 MP: 12/23
 19449 | Lair:2   | Reached ***** piety under Vehumet
 19721 | Lair:3   | Noticed a dire elephant
 20024 | Lair:2   | Reached skill level 5 in Evocations
 20363 | Lair:3   | Found a staircase to the Swamp.
 20470 | Lair:3   | You fall into a shaft and drop 1 floor!
 20947 | Lair:4   | Offered knowledge of Orb of Destruction by Vehumet.
 21065 | Lair:3   | Identified a scroll of acquirement
 21242 | Lair:4   | Got a transparent whip
 21243 | Lair:4   | Identified the +3 whip of Propriety {drain, Int+6} (You
                  | found it on level 4 of the Lair of Beasts)
 22266 | Lair:4   | Reached skill level 1 in Shields
 22694 | Lair:4   | Learned a level 8 spell: Ignition
 22837 | Lair:4   | Found a staircase to the Snake Pit.
 23518 | Lair:5   | Gained mutation: Your large and strong wings let you fly
                  | indefinitely. [Gargoyle growth]
 23518 | Lair:5   | Reached XP level 14. HP: 37/88 MP: 26/26
 25279 | Lair:6   | Entered Level 6 of the Lair of Beasts
 26011 | Lair:6   | Found a staircase to the Slime Pits.
 26011 | Lair:6   | Found a viscous altar of Jiyva.
 27365 | D:11     | Offered knowledge of Olgreb's Toxic Radiance by Vehumet.
 27464 | D:10     | Killed Sonja
 27734 | Orc:1    | Entered Level 1 of the Orcish Mines
 27831 | D:10     | Reached skill level 10 in Dodging
 27831 | D:10     | Reached skill level 10 in Fire Magic
 28252 | Orc:1    | Noticed an orc warlord
 28425 | D:10     | Killed an orc warlord
 28764 | Orc:1    | Found a roughly hewn altar of Beogh.
 29411 | Orc:1    | Found Putufoso's Food Emporium.
 29746 | Orc:2    | Entered Level 2 of the Orcish Mines
 29753 | Orc:2    | Found Olofirolam's Distillery.
 29781 | Orc:2    | Found a staircase to the Elven Halls.
 29783 | Orc:2    | Bought a potion of haste for 160 gold pieces
 29783 | Orc:2    | Bought a potion of heal wounds for 80 gold pieces
 29783 | Orc:2    | Bought a potion of heal wounds for 80 gold pieces
 29783 | Orc:2    | Bought a potion of heal wounds for 80 gold pieces
 29783 | Orc:2    | Bought a potion of haste for 160 gold pieces
 29783 | Orc:2    | Bought a potion of haste for 160 gold pieces
 30172 | Orc:2    | Reached XP level 15. HP: 94/94 MP: 28/28
 30426 | Orc:2    | Found Lin Amoh's Weapon Emporium.
 31044 | Orc:2    | Offered knowledge of Irradiate by Vehumet.
 31772 | Orc:2    | Noticed an orc warlord
 31806 | Orc:1    | Killed an orc warlord
 32478 | Orc:2    | Found Hinoolyc's General Store.
 32479 | Orc:2    | Found Vourim's Book Boutique.
 32480 | Orc:2    | Found Meoth's Antique Armour Shop.
 32480 | Orc:2    | Found Vafobyri's Antique Weapon Shop.
 32484 | Orc:2    | Bought a brightly glowing robe for 176 gold pieces
 32494 | Orc:2    | Identified the +0 robe of Honesty {Str+3} (You bought it in
                  | a shop on level 2 of the Orcish Mines)
 32872 | Swamp:1  | Entered Level 1 of the Swamp
 33434 | Swamp:1  | Found a snail-covered altar of Cheibriados.
 33450 | Swamp:1  | Got a heavily runed shield
 33467 | Swamp:1  | Identified the cursed +0 shield of the Devil {Int+5} (You
                  | found it on level 1 of the Swamp)
 34146 | Swamp:1  | Reached skill level 5 in Shields
 34881 | Swamp:2  | Found the +9 heavy crossbow "Sniper" {velocity, Acc+∞ SInv}
 35043 | Swamp:2  | Offered knowledge of Spellforged Servitor by Vehumet.
 35901 | Swamp:3  | Noticed a thorn hunter
 36529 | Swamp:3  | Killed a thorn hunter
 37076 | Swamp:3  | Reached XP level 16. HP: 71/100 MP: 24/29
 37242 | Swamp:4  | Entered Level 4 of the Swamp
 37695 | Swamp:4  | Noticed Donald
 37808 | Swamp:4  | Noticed Nikola
 37822 | Swamp:4  | Killed Nikola
 37916 | Swamp:4  | Noticed a thorn hunter
 37919 | Swamp:4  | Killed a thorn hunter
 38253 | Swamp:3  | Killed Donald
 39099 | Swamp:3  | Reached skill level 10 in Shields
 39776 | Swamp:4  | Got a decaying rune of Zot
 40086 | Snake:1  | Entered Level 1 of the Snake Pit
 40214 | D:12     | Found Agodi's Distillery.
 40235 | D:12     | Bought a potion of haste for 130 gold pieces
 40235 | D:12     | Bought a potion of heal wounds for 65 gold pieces
 40235 | D:12     | Bought a potion of magic for 104 gold pieces
 40298 | D:12     | Offered knowledge of Iron Shot by Vehumet.
 40514 | D:12     | Found a frozen archway.
 40520 | IceCv    | Entered an ice cave
 41629 | IceCv    | Identified Spellcasting, Part Four
 42070 | D:13     | Noticed Urug
 42078 | D:13     | Killed Urug
 42078 | D:13     | Reached skill level 10 in Conjurations
 42078 | D:13     | Reached XP level 17. HP: 69/104 MP: 15/30
 42086 | D:13     | Learned a level 6 spell: Iron Shot
 42195 | D:13     | Found Mudilo's Assorted Antiques.
 42208 | D:13     | Got a twisted hat
 42214 | D:13     | Identified the +4 hat "Catteo" {Str+5 Dex+4} (You found it
                  | on level 13 of the Dungeon)
 42227 | D:13     | Bought a scroll of blinking for 187 gold pieces
 42547 | D:13     | Found a gate to the Vaults.
 42942 | D:13     | Offered knowledge of Poison Arrow by Vehumet.
 44244 | D:15     | Entered Level 15 of the Dungeon
 45186 | D:15     | Found a staircase to the Depths.
 46020 | Snake:1  | Found Kigguh's Assorted Antiques.
 46026 | Snake:1  | Bought a runed ivory ring for 115 gold pieces
 46027 | Snake:1  | Found Wafesaun's General Store.
 46042 | Snake:1  | Identified the +1 ring mail of a ziggurat {+Fly rN+} (You
                  | found it on level 1 of the Snake Pit)
 47269 | Snake:2  | Got a polished plate armour
 47280 | Snake:2  | Identified the +9 plate armour "Fityno" {rF+} (You acquired
                  | it on level 2 of the Snake Pit)
 47867 | Snake:2  | Found a sacrificial altar of Ru.
 48202 | Snake:3  | Noticed Aizul
 48224 | Snake:3  | Killed Aizul
 48457 | Snake:3  | Offered knowledge of Conjure Ball Lightning by Vehumet.
 48840 | Snake:3  | Reached XP level 18. HP: 110/110 MP: 31/31
 49031 | Snake:3  | Reached ****** piety under Vehumet
 49876 | Snake:4  | Entered Level 4 of the Snake Pit
 51727 | Snake:4  | Reached skill level 15 in Shields
 52105 | Snake:4  | Reached skill level 15 in Conjurations
 52123 | Snake:4  | Reached skill level 10 in Spellcasting
 52977 | Snake:4  | Got a serpentine rune of Zot
 53321 | Vaults:1 | Entered Level 1 of the Vaults
 53506 | Vaults:1 | Reached XP level 19. HP: 76/116 MP: 32/33
 55347 | Vaults:1 | Found a snail-covered altar of Cheibriados.
 55433 | Vaults:1 | Noticed a tentacled monstrosity
 55444 | Vaults:1 | Killed a tentacled monstrosity
 55640 | Vaults:1 | Offered knowledge of Lehudib's Crystal Spear by Vehumet.
 55640 | Vaults:1 | Offered knowledge of Fire Storm by Vehumet.
 55640 | Vaults:1 | Offered knowledge of Glaciate by Vehumet.
 57294 | Vaults:2 | Upgraded the game from 0.24-a0-630-g0d56a851f4 to
                  | 0.24-a0-639-gb70a11d811
 57546 | Vaults:2 | Noticed Saint Roka
 58504 | Vaults:2 | Noticed Mennas
 58652 | Vaults:2 | Found a staircase to the Crypt.
 58861 | Vaults:2 | Reached XP level 20. HP: 128/128 MP: 15/36
 59170 | Vaults:2 | Reached skill level 15 in Fighting
 59878 | Vaults:2 | Killed Saint Roka
 61590 | Vaults:3 | Upgraded the game from 0.24-a0-639-gb70a11d811 to
                  | 0.24-a0-640-ge7cd8ce796
 61824 | Vaults:3 | Learned a level 8 spell: Lehudib's Crystal Spear
 64462 | Vaults:4 | Reached XP level 21. HP: 134/134 MP: 34/39
 64704 | Vaults:4 | Reached skill level 15 in Earth Magic
 65153 | Vaults:4 | Identified the ring "Obunt" {+Inv +Fly rF++ rC- SInv} (You
                  | found it on level 4 of the Vaults)
 66723 | Vaults:4 | Found Dauph's Antique Weapon Shop.
 67761 | Depths:1 | Entered Level 1 of the Depths
 68478 | D:15     | Reached skill level 15 in Spellcasting
 69732 | Depths:1 | Reached skill level 15 in Fire Magic
 69750 | Depths:1 | Reached XP level 22. HP: 104/140 MP: 14/41
 69937 | Depths:1 | Got a slimy tin ring
 69939 | Depths:1 | Identified the ring of Divine Intervention {+Inv rElec rN+
                  | Dex+2} (You acquired it on level 1 of the Depths)
 70253 | Depths:1 | Found a one-way gate to the infinite horrors of the Abyss.
 70339 | Depths:1 | Found the +2 shield of Resistance {rF+ rC+ MR+}
 70350 | Depths:1 | Identified the +8 great sword of Bloody Death {vamp, rF-
                  | Int+8 Stlth+}
 70532 | Depths:1 | Found a gateway to Hell.
 71743 | Depths:2 | Found a runed translucent door.
 71885 | Depths:2 | Noticed a golden dragon
 71890 | Depths:2 | Killed a golden dragon
 73066 | Depths:2 | Noticed a caustic shrike
 73070 | Depths:2 | Killed a caustic shrike
 73757 | Depths:2 | Identified the +3 scimitar "Aluduj" {vamp, MR+++}
 74435 | Depths:2 | Reached XP level 23. HP: 59/148 MP: 17/43
 75332 | Depths:2 | Found a gateway to a ziggurat.
 76173 | Depths:3 | Found a one-way gate leading to the halls of Pandemonium.
 77230 | Depths:3 | Identified the +10 quarterstaff of Grimm's Sudden Death
                  | {vamp, rF++}
 77264 | Depths:3 | Killed from afar by a frost giant

Levels and vault maps discovered:
D:1:      dpeg_arrival_connections, layout_basic, kennysheep_decorative_pillar
D:2:      layout_rooms
D:3:      layout_basic, first_ration, minmay_misc_feat_doors
D:4:      layout_gridville, hangedman_ru_absence, temple_hall,
          palyth_stone_intersect, grunt_ministairs_10, uniq_edmund
D:5:      layout_cave_pools, gammafunk_temple_overflow_pools, ashenzari_altar_1
D:6:      layout_gridville, portal_sewer_entry_e
D:7:      layout_basic, grunt_gozag_breadcrumbs, uniq_duvessa
D:8:      layout_basic, gammafunk_ghost_spectres, serial_shops, shop,
          nicolae_shop_overgrown_old_shop, shop, elyvilon_altar_4, uniq_erica
D:9:      layout_roguey
D:10:     layout_cave_pools, orc_0_dummy, enter_bailey_6, uniq_sonja
D:11:     minmay_evil_eye, layout_stronghold, lair_entry_dummy, uniq_nergalle
D:12:     layout_rooms, portal_ice_cave_entry_pillars_1, serial_shops,
          bzr_entry_lakeside, kennysheep_little_box
D:13:     layout_basic, lightli_vaults_fourway_checkpoint, serial_shops, shop,
          uniq_urug
D:14:     layout_basic, hex_medium
D:15:     grunt_enter_depths_giant_problem, layout_loops_ring,
          minmay_misc_feat_rugged, nicolae_underground_beach
Temple:   dpeg_five_rooms_temple
Lair:1:   layout_chaotic_city, st_stairs_8, chequers_serial_rivers_small_a
Lair:2:   layout_regular_city, infiniplex_staircase_pool_2
Lair:3:   mu_elephants_graveyard, layout_regular_city, palyth_hydra_swamp_entry,
          nicolae_volcano_entry_vermiform
Lair:4:   kb_forest_paths, layout_regular_city, dummy_snake_entry
Lair:5:   layout_roguey, special_room [special_room_bee]
Lair:6:   evil_forest, layout_small_grid, slime_altar_1,
          chequers_serial_rivers_small_3, grunt_megastairs_4,
          serial_bayou_shore_b
Swamp:1:  layout_basic_swamp, nicolae_swamp_godswood
Swamp:2:  layout_basic_swamp, nicolae_swamp_round_clearing, swamp_pool2,
          hangedman_swamp_cone
Swamp:3:  layout_basic_swamp, evilmike_swamp_ruin_rubble_1, swamp_pool4,
          grunt_witch_cave
Swamp:4:  swamp_alternative, layout_basic_swamp, uniq_nikola, uniq_donald
Snake:1:  layout_gridlike, minmay_shoptagon, serial_bayou_shore_a
Snake:2:  layout_cave_shapes, basic_altar
Snake:3:  kennysheep_six_static_rooms, layout_layer_cave, serial_bayou_shore_b,
          uniq_aizul
Snake:4:  snake_pit_salamanders_mu, layout_onion_interference, lemuel_fruit_tree
Orc:1:    minmay_goldmine, layout_caves, serial_shops, shop, basic_altar,
          mines2_lemuel
Orc:2:    st_orc_congregation, layout_diamond_mine, serial_shops,
          nicolae_shop_waterfront, shop
Vaults:1: v_misc_13, dpeg_vaults_monster_row, vaults_room_pool,
          nicolae_vaults_shelves_hall, vaults_mumra_lcd,
          nicolae_vaults_alarming, ontoclasm_vaults_fault, st_check,
          layout_vaults_quadrants, basic_altar, portal_desolation_entry_garden
Vaults:2: st_diamondy, v_misc_13, v_misc_4, ontoclasm_vaults_ring_square,
          minmay_crypt_entry_vampire_xt, ontoclasm_vaults_twist,
          nicolae_vaults_ring_of_whatevers, nicolae_vaults_little_squares_6,
          nicolae_vaults_ninety_degrees, ontoclasm_vaults_pinch,
          vaults_room_grunt_arrival_ludios, nicolae_vaults_sealed_display,
          vaults_mumra_chevron, ontoclasm_vaults_gateway, hangedman_vaults_trim,
          hangedman_vaults_maws, layout_vaults_omnicross, uniq_saint_roka,
          uniq_mennas
Vaults:3: nicolae_vaults_little_squares_1, st_eye,
          nicolae_vaults_big_angled_halls, ontoclasm_vaults_ring_small,
          v_misc_15, hangedman_vaults_slice, nicolae_vaults_network_square,
          nicolae_vaults_network_barrier, nicolae_vaults_yaktaur_gun_rack,
          layout_vaults_omnibox
Vaults:4: v_misc_31, v_rooms_4, serial_ice_h, vaults_room_mumra_shop_pool,
          nicolae_vaults_diagonal_hallway_7, v_misc_10, st_hourglassy,
          vaults_room_boxed, nicolae_vaults_specimen_jars,
          ontoclasm_vaults_tryst, v_misc_3, grunt_vaults_funnel, v_misc_23,
          v_misc_8, grunt_vaults_focal, layout_vaults_ring
Depths:1: layout_cave_pools, grunt_hell_entry_dis_old,
          hangedman_abyss_or_decor_slice, abyss_entry_crystal,
          chequers_serial_rivers_large_b, hangedman_decor_riveting, minivault_12
Depths:2: box_level_dp, abyss_entry, hell_entry, serial_shops
Depths:3: minmay_spiral_squares, layout_gridlike, hell_entry,
          rand_demon_pan_entry_8, lemuel_statue_altar,
          abyss_entry_small_statue_room, chequers_serial_rivers_micro_d

Skill      XL: |  1  2  3  4  5  6  7  8  9 10 11 12 13 14 15 16 17 18 19 20 21 22 23 |
---------------+----------------------------------------------------------------------+-----
Earth Magic    | 4 5 6 10 13 14 17 | 17.1
Conjurations   | 1 2 3 4 7 8 10 12 15 | 15.0
Dodging        | 2 3 4 6 8 9 10 11 | 11.1
Fighting       | 2 4 5 7 9 10 11 12 14 15 16 17 | 17.7
Evocations     | 2 4 6 |  6.0
Spellcasting   | 3 4 5 7 8 9 10 12 14 15 16 17 | 17.0
Poison Magic   | 2 4 |  4.0
Transmutations | 2 4 |  4.0
Translocations | 3 |  3.6
Fire Magic     | 2 7 10 11 14 15 16 | 16.3
Shields        | 3 4 7 11 13 15 | 15.0
Stealth        | |  2.1

Action                   |  1- 3 |  4- 6 |  7- 9 | 10-12 | 13-15 | 16-18 | 19-21 | 22-24 || total
-------------------------+-------+-------+-------+-------+-------+-------+-------+-------++-------
Melee: Dagger            |     3 |     1 |       |       |       |       |       |       ||     4
       Flail             |       |    12 |     6 |       |       |       |       |       ||    18
       Trident           |       |       |    70 |    42 |       |       |       |       ||   112
       Scimitar          |       |       |       |    47 |     3 |       |       |       ||    50
       Staff             |       |       |       |       |    32 |     5 |    25 |    31 ||    93
Throw: Dart              |       |       |       |       |     1 |       |     1 |       ||     2
 Cast: Sandblast         |    31 |    80 |    49 |       |       |       |       |       ||   160
       Stone Arrow       |     3 |    15 |   111 |   317 |  1132 |  1251 |   705 |    87 ||  3621
       Sting             |       |       |   174 |   205 |   505 |   219 |    83 |    86 ||  1272
       Force Lance       |       |       |       |    18 |       |       |     1 |       ||    19
       Bolt of Fire      |       |       |       |       |    15 |    69 |   181 |   125 ||   390
       Petrify           |       |       |       |       |       |     2 |     1 |       ||     3
       Iron Shot         |       |       |       |       |       |    78 |   243 |   202 ||   523
       Ignition          |       |       |       |       |       |       |    15 |    21 ||    36
       Lehudib's Crystal |       |       |       |       |       |       |     5 |     4 ||     9
 Abil: Fly               |       |       |       |       |     1 |       |       |     2 ||     3
       Evoke Invisibilit |       |       |       |       |       |       |     1 |       ||     1
       Stop Flying       |       |       |       |       |       |       |       |     2 ||     2
Evoke: Wand              |       |       |       |    17 |       |       |     1 |       ||    18
  Use: Scroll            |       |     1 |    18 |    13 |     5 |    15 |    16 |     7 ||    75
       Potion            |       |       |    12 |     2 |     9 |     5 |    10 |     4 ||    42
  Eat: Chunk             |     3 |     9 |    21 |    39 |    45 |    39 |    97 |    64 ||   317
       Ration            |       |     1 |     1 |     3 |     6 |    17 |    16 |     4 ||    48
Armor: Robe              |     2 |    15 |    82 |   162 |   321 |   318 |   150 |       ||  1050
       Skin              |       |       |       |       |    51 |       |       |       ||    51
       Ring mail         |       |       |       |       |       |       |   102 |   102 ||   204
Dodge: Dodged            |     5 |    35 |   193 |   288 |   661 |   500 |   428 |   103 ||  2213
Block: Buckler           |       |       |       |       |   113 |       |       |       ||   113
       Shield            |       |       |       |       |   101 |   439 |   487 |   120 ||  1147
       Rpst.: Scimitar   |       |       |       |    34 |    16 |       |       |       ||    50

Table legend:
 A = Non-vault XP
 B = Vault XP
 C = Vault XP percentage of total XP
 D = Non-vault monster count
 E = Vault monster count
 F = Vault count percentage of total count
                 A         B        C        D         E       F
            +---------+---------+-------+---------+---------+-------
      Total |  452782 |  317610 |  41.2 |    1092 |     590 |  35.1
            +---------+---------+-------+---------+---------+-------
        D:1 |      17 |       0 |   0.0 |       9 |       0 |   0.0
        D:2 |      51 |       0 |   0.0 |      14 |       0 |   0.0
        D:3 |      96 |       0 |   0.0 |      20 |       0 |   0.0
        D:4 |     181 |      41 |  18.5 |      13 |       1 |   7.1
        D:5 |     491 |       0 |   0.0 |      17 |       0 |   0.0
        D:6 |     752 |      15 |   2.0 |      17 |       7 |  29.2
        D:7 |     635 |     210 |  24.9 |      11 |       2 |  15.4
        D:8 |    3234 |     892 |  21.6 |      21 |       1 |   4.5
        D:9 |    1476 |       0 |   0.0 |      23 |       0 |   0.0
       D:10 |    6690 |     807 |  10.8 |      33 |       1 |   2.9
       D:11 |    4409 |    1353 |  23.5 |      39 |       4 |   9.3
       D:12 |    1831 |    2029 |  52.6 |      28 |       4 |  12.5
       D:13 |    9749 |    4779 |  32.9 |      22 |      10 |  31.2
       D:14 |    8157 |       0 |   0.0 |      31 |       0 |   0.0
       D:15 |   26468 |    2533 |   8.7 |      59 |       5 |   7.8
     Lair:1 |    4026 |       0 |   0.0 |      16 |       0 |   0.0
     Lair:2 |    5547 |    1451 |  20.7 |      18 |       2 |  10.0
     Lair:3 |    9330 |    9083 |  49.3 |      30 |      18 |  37.5
     Lair:4 |    7097 |    5235 |  42.5 |      18 |      20 |  52.6
     Lair:5 |    6282 |    2211 |  26.0 |      16 |      20 |  55.6
     Lair:6 |    7901 |    6265 |  44.2 |      22 |      20 |  47.6
    Swamp:1 |    9129 |       0 |   0.0 |      31 |       0 |   0.0
    Swamp:2 |    7235 |       0 |   0.0 |      22 |       0 |   0.0
    Swamp:3 |   10884 |    8937 |  45.1 |      31 |       9 |  22.5
    Swamp:4 |    7003 |   16891 |  70.7 |      23 |      21 |  47.7
    Snake:1 |    8563 |       0 |   0.0 |      18 |       0 |   0.0
    Snake:2 |   14867 |       0 |   0.0 |      21 |       0 |   0.0
    Snake:3 |   19960 |    5095 |  20.3 |      29 |       8 |  21.6
    Snake:4 |    8032 |   49271 |  86.0 |      14 |      66 |  82.5
      Orc:1 |    2221 |    2027 |  47.7 |      20 |      12 |  37.5
      Orc:2 |    3964 |    9976 |  71.6 |      25 |      67 |  72.8
   Vaults:1 |   43403 |   22258 |  33.9 |      63 |      24 |  27.6
   Vaults:2 |   22893 |   17247 |  43.0 |      47 |      37 |  44.0
   Vaults:3 |   37006 |   19468 |  34.5 |      59 |      22 |  27.2
   Vaults:4 |   45053 |   31551 |  41.2 |      70 |      37 |  34.6
   Depths:1 |   27261 |      40 |   0.1 |      29 |       1 |   3.3
   Depths:2 |   53018 |   61663 |  53.8 |      69 |      66 |  48.9
   Depths:3 |   27870 |   20670 |  42.6 |      44 |      25 |  36.2
      Sewer |       0 |     146 | 100.0 |       0 |      24 | 100.0
      IceCv |       0 |   15466 | 100.0 |       0 |      56 | 100.0
            +---------+---------+-------+---------+---------+-------
